 Dungeon Crawl Stone Soup version 0.29.1-12-g30fa7ad0bf (webtiles) character file.

Game seed: 11702807159566734

3920 GeoRichter the Destroyer (level 10, -6/50 HPs)
             Began as a Tengu Air Elementalist on Dec 26, 2022.
             Was a Believer of Vehumet.
             Mangled by a centaur warrior (9 damage)
             ... on level 8 of the Dungeon.
             The game lasted 00:16:36 (8031 turns).

GeoRichter the Destroyer (Tengu Air Elementalist)   Turns: 8031, Time: 00:16:37

Health: -6/50      AC:  5    Str:  9    XL:     10   Next: 20%
Magic:  15/21      EV: 14    Int: 19    God:    Vehumet [**....]
Gold:   509        SH:  0    Dex: 18    Spells: 10/22 levels left

rFire   . . .      SeeInvis +   E - +9 falchion "Cemitamm" {flame, Drain Dex+3 SInv}
rCold   + . .      Faith    .   (no shield)
rNeg    + . .      Spirit   .   k - +1 leather armour "Syhirud" {-Tele rElec rPois Stlth+}
rPois   +          Reflect  .   (helmet restricted)
rElec   +          Harm     .   (no cloak)
rCorr   .          Rampage  .   d - +0 pair of gloves
Will    .....      NoTele   +   (boots unavailable)
Stlth   +++.......              v - amulet of magic regeneration
HPRegen 0.16/turn               l - ring of protection from cold
MPRegen 0.57/turn               w - ring of positive energy

@: flying quickly and evasively, quick
A: beak, talons 3, nimble flight
a: Renounce Religion


You were on level 8 of the Dungeon.
You worshipped Vehumet.
Vehumet was pleased with you.
You visited 2 branches of the dungeon, and saw 9 of its levels.
You also visited: Ossuary.

You collected 509 gold pieces.

Inventory:

Hand Weapons
 e - a +2 dagger of holy wrath
   (You took it off Dowan on level 5 of the Dungeon)
 y - the +3 quarterstaff "Ycuolott" {protect, rPois rC+ Will+ Dex+2}
   (You found it on level 6 of the Dungeon)

   It grants its wielder temporary protection when it strikes (+7 to AC).
   Dex:       It affects your dexterity (+2).
   rC:        It protects you from cold.
   rPois:     It protects you from poison.
   Will:      It increases your willpower.
 E - the +9 falchion "Cemitamm" (weapon) {flame, Drain Dex+3 SInv}
   (You found it on level 6 of the Dungeon)

   It burns those it strikes, dealing additional fire damage.
   Big, fiery blades are also staple armaments of hydra-hunters.
   Dex:       It affects your dexterity (+3).
   SInv:      It lets you see invisible.
   Drain:     It drains your maximum health when unequipped.
Missiles
 c - 6 javelins
 o - 3 silver javelins
Armour
 d - a +0 pair of gloves (worn)
   (You found it on level 3 of the Dungeon)
 k - the +1 leather armour "Syhirud" (worn) {-Tele rElec rPois Stlth+}
   (You found it on level 2 of the Dungeon)

   rElec:     It insulates you from electricity.
   rPois:     It protects you from poison.
   -Tele:     It prevents most forms of teleportation.
   Stlth:     It makes you more stealthy.
 m - a scarf of repulsion
   (You found it on level 2 of the Dungeon)
 C - +0 steam dragon scales
   (You took it off Maggie on level 6 of the Dungeon)
Jewellery
 l - a ring of protection from cold (left hand)
   (You found it on level 2 of the Dungeon)
 u - a ring of protection from fire
   (You found it in an ossuary)
 v - an amulet of magic regeneration (around neck)
   (You found it in an ossuary)
 w - a ring of positive energy (right hand)
   (You found it in an ossuary)
 x - an amulet of reflection
   (You found it in an ossuary)
Wands
 a - a wand of roots (5)
   (You found it on level 6 of the Dungeon)
 s - a wand of light (16)
   (You found it on level 5 of the Dungeon)
Scrolls
 f - a scroll of poison
 g - 2 scrolls of amnesia
 i - a scroll of enchant weapon
 p - a scroll of immolation {unknown}
 q - 3 scrolls of butterflies
 B - a scroll of magic mapping
 D - a scroll of noise {unknown}
 F - a scroll of teleportation {unknown}
Potions
 b - 3 potions of magic
 h - 2 potions of degeneration {unknown}
 j - 11 potions of curing {@q1}
 n - 2 potions of invisibility {unknown}
 r - a potion of resistance {unknown}
 t - a potion of cancellation {unknown}
 z - a potion of experience {unknown}
 A - 2 potions of lignification {unknown}
 G - a potion of heal wounds {unknown}
 H - a potion of might {unknown}


   Skills:
 - Level 2.1 Dodging
 - Level 2.0 Stealth
 + Level 6.8 Spellcasting
 * Level 12.2 Conjurations
 + Level 11.4 Air Magic


You had 10 spell levels left.
You knew the following spells:

 Your Spells              Type           Power      Damage    Failure   Level
a - Shock                 Conj/Air       100%       1d9       1%          1
b - Static Discharge      Conj/Air       51%        3-10/arc  1%          2
c - Airstrike             Air            25%        2d(4-20)  1%          4
d - Iskenderun's Battles  Conj           52%        2d10      2%          5

Your spell library contained the following spells:

 Spells                   Type           Power      Damage    Failure   Level
 Poisonous Vapours        Pois/Air       56%        N/A       1%          2
 Swiftness                Air            50%        N/A       1%          3
 Fulminant Prism          Conj/Hex       14%        3d9       12%         4
 Iskenderun's Mystic Bla  Conj/Tloc      29%        2d7       12%         4
 Freeze                   Ice            24%        1d5       14%         1
 Conjure Ball Lightning   Conj/Air       25%        3x3d7     17%         6
 Ensorcelled Hibernation  Hex/Ice        12%        N/A       22%         2
 Passwall                 Tmut/Erth      5%         N/A       22%         2
 Fireball                 Conj/Fire      14%        3d8       32%         5
 Orb of Destruction       Conj           26%        9d9       63%         7
 Animate Dead             Necr           6%         N/A       82%         4
 Lee's Rapid Deconstruct  Erth           3%         3d6*      99%         5
 Haunt                    Necr/Summ      3%         N/A       100%        7
 Infestation              Necr           3%         N/A       100%        8


Dungeon Overview and Level Annotations

Branches:
Dungeon (8/15) Zot: 26621  Temple (1/1) D:5 Zot: 5932 Ossuary (visited)
   Lair: D:8-11

Altars:
Cheibriados
Dithmenos
Fedhas
Hepliaklqana
Makhleb
Nemelex Xobeh
Okawaru
Qazlal
Ru
Sif Muna
Trog
Uskayaw
Vehumet
Wu Jian
Xom
Zin
The Shining One

Shops:
D:5 (


Innate Abilities, Weirdness & Mutations

You have a beak for a mouth.
You have claws for feet.
Your magical nature lets you fly swiftly and evasively.


Message History

You resist.
You are struck by an arc of lightning.
The centaur warrior is struck by an arc of lightning.
You resist.
You are struck by an arc of lightning.
The lightning grounds out.
The centaur warrior hits you! The centaur warrior kicks you.
The centaur warrior hits you. The centaur warrior barely misses you.
The centaur warrior is struck by an arc of lightning.
You resist.
You are struck by an arc of lightning.
The lightning grounds out.
The centaur warrior hits you!
* * * LOW HITPOINT WARNING * * *
The centaur warrior kicks you.
* * * LOW HITPOINT WARNING * * *
Okay, then.
Okay, then.
Okay, then.
Okay, then.
Aim: a centaur warrior (lightly wounded, 81% to hit)
Okay, then.
The centaur warrior is struck by an arc of lightning!
You resist.
You are struck by an arc of lightning.
* * * LOW HITPOINT WARNING * * *
The centaur warrior is struck by an arc of lightning.
Something is struck by an arc of lightning! x2
The lightning grounds out.
The centaur warrior misses you. The centaur warrior kicks you.
* * * LOW HITPOINT WARNING * * *
The centaur warrior hits you!
* * * LOW HITPOINT WARNING * * *
The centaur warrior kicks you but does no damage.
The centaur warrior is struck by an arc of lightning!
Something is struck by an arc of lightning!
The lightning grounds out.
The centaur warrior closely misses you. The centaur warrior kicks you.
* * * LOW HITPOINT WARNING * * *
You feel better.
The centaur warrior hits you but does no damage.
The centaur warrior kicks you.
* * * LOW HITPOINT WARNING * * *
The centaur warrior misses you.
The centaur warrior kicks you but does no damage.
The zap misses the centaur warrior.
The zap hits the centaur warrior.
Vehumet accepts your kill.
You feel a bit more experienced. The centaur warrior hits you.
* * * LOW HITPOINT WARNING * * *
The centaur warrior kicks you.
* * * LOW HITPOINT WARNING * * *
Okay, then.
The zap hits the centaur warrior.
The zap hits the centaur warrior but does no damage.
The centaur warrior hits you!
You die...

## #####.# #.# .# #...#.# #.#
.###############...#.###.#####
.'.................#.........#
.###############.#######.###.#
## #.........###.# ### ### ###
##############...#
#)###.###(###.###c# #.###
.#*#*#.#.#.#.#.#@#.# #.###
###)###○###.###.###.# #.#.#
.#.#.#.#.#.#.#.#.# #.#
#.#.#### #.# #.# #.# #.# #.#
#$# #....... .#.#.#.#.#.#.#.#
#.# #c# #...#### #.#.# #.# #.#
#.# #.# #l##...#
.#.#.#.#.#.#.# #.# #.#
#y#...#### #.#.#.# #.# #.# #.#
#.# #....... .#.#.#. .#. #. #.
#. #..####<


You could see a centaur warrior.

Vanquished Creatures
  A two-headed ogre (D:8)
  Maggie (D:6)
  A wraith (Ossuary)
  A wyvern (D:8)
  Menkaure (D:6)
  An acid dragon (D:8)
  A water moccasin (D:6)
  Duvessa (D:5)
  A sky beast (D:8)
  An orc warrior (D:8)
  A black bear (D:7)
  2 ice beasts (D:6)
  3 ogres
  A centaur (D:8)
  2 elf zombies (Ossuary)
  2 bullfrogs (D:7)
  A gnoll sergeant (D:5)
  A necrophage (D:6)
  4 scorpions
  A wight (D:8)
  Dowan (D:5)
  2 howler monkeys (D:5)
  2 hounds (D:7)
  4 orc priests
  2 jellies (D:7)
  An iguana (D:5)
  8 orc wizards
  3 mummies (Ossuary)
  8 gnolls
  4 adders
  A shadow imp (D:8)
  A white imp (D:5)
  An ufetubus (D:6)
  A worm (D:4)
  3 dart slugs
  34 orcs
  13 ball pythons
  3 bats
  4 endoplasms
  3 giant cockroaches
  2 hobgoblins
  2 jackals (D:2)
  7 kobolds
  A quokka (D:3)
  2 frilled lizards (D:2)
  A gnoll zombie (Ossuary)
  4 goblins
  3 goblin zombies (Ossuary)
  6 hobgoblin zombies (Ossuary)
  3 kobold zombies (Ossuary)
  7 rats
165 creatures vanquished.

Vanquished Creatures (others)
  A fungus (D:1)
1 creature vanquished.

Grand Total: 166 creatures vanquished

Notes
Turn   | Place    | Note
-------+----------+-------------------------------------------
     0 | D:1      | GeoRichter the Tengu Air Elementalist began the quest for
                  | the Orb.
     0 | D:1      | Reached XP level 1. HP: 10/10 MP: 4/4
   163 | D:1      | Reached skill level 2 in Conjurations
   332 | D:1      | Found a faded altar of an unknown god.
   340 | D:1      | Reached XP level 2. HP: 15/15 MP: 3/6
   371 | D:1      | Got Plato's Teachings on Cold
   375 | D:1      | Learned a level 2 spell: Static Discharge
   898 | D:1      | Found a faded altar of an unknown god.
  1154 | D:2      | Found a shimmering altar of Xom.
  1187 | D:2      | Identified the +1 leather armour "Syhirud" {-Tele rElec
                  | rPois Stlth+}
  1361 | D:2      | Reached XP level 3. HP: 19/19 MP: 0/7
  1462 | D:2      | Reached skill level 3 in Conjurations
  2166 | D:3      | Reached XP level 4. HP: 24/24 MP: 5/8
  2171 | D:3      | Learned a level 4 spell: Airstrike
  2563 | D:3      | Reached skill level 4 in Conjurations
  2709 | D:3      | Found a blossoming altar of Fedhas.
  2722 | D:3      | Identified the +2 whip of the Slime-mould {drain, rPois rF+
                  | SInv}
  3369 | D:4      | Noticed a scorpion
  3375 | D:4      | Killed a scorpion
  3376 | D:4      | Reached skill level 5 in Air Magic
  3376 | D:4      | Gained mutation: Your magical nature lets you fly swiftly
                  | and evasively. [Tengu growth]
  3376 | D:4      | Reached XP level 5. HP: 28/28 MP: 1/10
  3501 | D:4      | Reached skill level 5 in Conjurations
  3628 | D:4      | Reached XP level 6. HP: 29/32 MP: 1/11
  3878 | D:4      | Found a glowing silver altar of Zin.
  4245 | D:4      | Found a hide-covered altar of Uskayaw.
  4335 | D:4      | Reached skill level 6 in Conjurations
  4464 | D:5      | Entered Level 5 of the Dungeon
  4623 | D:5      | Reached XP level 7. HP: 36/36 MP: 4/13
  4790 | D:5      | Found a staircase to the Ecumenical Temple.
  4815 | Temple   | Entered the Ecumenical Temple
  4962 | D:5      | Noticed Duvessa
  5042 | D:5      | Found Wiplanik's Weapon Emporium.
  5113 | D:5      | Found a glowing golden altar of the Shining One.
  5128 | D:5      | Killed Duvessa
  5129 | D:5      | Reached skill level 7 in Conjurations
  5147 | D:5      | Noticed Dowan
  5150 | D:5      | Killed Dowan
  5209 | D:5      | Found a radiant altar of Vehumet.
  5217 | D:5      | Became a worshipper of Vehumet
  5358 | D:6      | Reached XP level 8. HP: 41/41 MP: 2/15
  5372 | D:6      | Found a hazy altar of Hepliaklqana.
  5636 | D:6      | Found a sand-covered staircase.
  5642 | Ossuary  | Entered an ossuary
  5642 | Ossuary  | Noticed a wraith
  5642 | Ossuary  | Noticed a wraith
  5642 | Ossuary  | Noticed a wraith
  5688 | Ossuary  | Reached skill level 5 in Spellcasting
  5688 | Ossuary  | Reached skill level 8 in Conjurations
  5698 | Ossuary  | Learned a level 5 spell: Iskenderun's Battlesphere
  5913 | Ossuary  | Reached * piety under Vehumet
  5913 | Ossuary  | Offered knowledge of Magic Dart by Vehumet.
  6056 | Ossuary  | Noticed a wraith
  6058 | Ossuary  | Killed a wraith
  6272 | D:6      | Identified the +3 quarterstaff "Ycuolott" {protect, rPois
                  | rC+ Will+ Dex+2}
  6470 | D:6      | Reached skill level 9 in Conjurations
  6470 | D:6      | Reached XP level 9. HP: 45/45 MP: 10/18
  6489 | D:6      | Found a snail-covered altar of Cheibriados.
  6529 | D:6      | Noticed Maggie
  6538 | D:6      | Killed Maggie
  6539 | D:6      | Reached skill level 10 in Air Magic
  6625 | D:6      | Noticed Menkaure
  6633 | D:6      | Killed Menkaure
  6674 | D:6      | Identified the +9 falchion "Cemitamm" {flame, Drain Dex+3
                  | SInv}
  6689 | D:6      | Reached skill level 10 in Conjurations
  6832 | D:6      | Found a sacrificial altar of Ru.
  7887 | D:8      | Reached skill level 11 in Conjurations
  7909 | D:8      | Offered knowledge of Poisonous Vapours by Vehumet.
  7953 | D:8      | Noticed a two-headed ogre
  7971 | D:8      | Killed a two-headed ogre
  7971 | D:8      | Reached ** piety under Vehumet
  7972 | D:8      | Reached skill level 12 in Conjurations
  7972 | D:8      | Reached XP level 10. HP: 47/50 MP: 19/21
  8024 | D:8      | Noticed a centaur warrior
  8028 | D:8      | HP: 2/50 [centaur warrior (4)]
  8031 | D:8      | Mangled by a centaur warrior

Illustrated notes

Levels and vault maps discovered:
D:1:      onia_arrival_handbag, layout_rooms,
          shapermc_ecumenical_altar_rom_forum
D:2:      layout_loops_cross, basic_altar, hex_medium
D:3:      layout_rooms, nicolae_overflow_hidden_temple
D:4:      layout_rooms, lemuel_coloured_pillars_altar,
          mainiacjoe_overflow_24_doors
D:5:      layout_basic, lemuel_crystal_altar,
          mainiacjoe_overflow_surrounded_room, minmay_temple_entry_glassed_door,
          serial_shops, nicolae_stop_n_shop_1, uniq_duvessa
D:6:      layout_gridville, cheibriados_altar_1, nicolae_overflow_squiral,
          nicolae_ossuary_entry_plus, kennysheep_boxes, uniq_menkaure,
          uniq_maggie
D:7:      layout_loops_cross, nrook_campfire, hangedman_glass_teeth
D:8:      minmay_imperfect_grid, layout_basic, grunt_gozag_breadcrumbs,
          nicolae_elyvilon_temple_path, minmay_misc_feat_rows, minivault_11
Temple:   nicolae_temple_colour_theory

Skill      XL: |  1  2  3  4  5  6  7  8  9 |
---------------+----------------------------+-----
Conjurations   | 2 3 4 5 6 7 9 12 | 12.2
Spellcasting   | 3 4 5 6 |  6.8
Air Magic      | 5 6 8 9 11 | 11.4
Dodging        | |  2.1
Stealth        | |  2.0

Action                   |  1- 3 |  4- 6 |  7- 9 | 10-12 || total
-------------------------+-------+-------+-------+-------++-------
Melee: Falchion          |       |     7 |     9 |       ||    16
       Peck              |       |     2 |     4 |       ||     6
       Kick              |       |     2 |     2 |       ||     4
       Whip              |       |     5 |     5 |       ||    10
 Cast: Shock             |    70 |   121 |   107 |     4 ||   302
       Static Discharge  |       |     9 |    42 |     4 ||    55
       Airstrike         |       |       |     9 |       ||     9
       Iskenderun's Batt |       |       |     5 |       ||     5
  Use: Potion            |       |     1 |     2 |     1 ||     4
       Scroll            |       |       |     7 |       ||     7
Armor: Leather armour    |       |     7 |    11 |     3 ||    21
Dodge: Dodged            |     3 |    25 |    27 |     4 ||    59
